AoeStats
← 他并不是一个笨比

Arena

505857344Analyzed
4v4 RM · 21d ago on Sep 11, 2026· 48m 20s· 8 players
Game mode
Random Map
Map size
Large (8 player)
Population
200
Speed
Normal
Resources
Standard
Victory
Conquest
Starting age
Dark Age
Ending age
Imperial Age
RankedLock teamsTeams togetherTeam positionsShared explorationLock speedFull tech treeHidden civsTurbo modeCheats
Victory
Defeat
1276
+14
🇹🇼 Huns · Taiwan
1271
+15
🇹🇼 Khmer · Taiwan
1242
+16
🇦🇷 Romans · Argentina
1228
+16
🇸🇮 Jurchens · Slovenia
1263
-16
🇬🇧 Dravidians · United Kingdom
1259
-16
🇵🇹 Burmese · Portugal
1230
-15
🇸🇪 Italians · Sweden
1196
-14
疫拳抄人
9:45 Feudal Age
13:11 Castle Age
11:13 Double-Bit Axe
11:21 Horse Collar
14:11 Bow Saw
14:24 Heavy Plow
21:58 Gold Mining
22:02 Stone Mining
22:03 Gold Mining
23:01 Wheelbarrow
23:48 Stone Shaft Mining
25:33 Gold Shaft Mining
26:00 Hand Cart
28:55 Imperial Age
27:14 Loom
27:14 Town Watch
29:12 Scale Barding Armor
29:17 Forging
29:38 Bloodlines
29:28 Husbandry
29:22 Elite Ballista Elephant
30:24 Conscription
30:26 Chain Barding Armor
30:41 Iron Casting
31:25 Ballistics
32:10 Chemistry
32:10 Double Crossbow
32:57 Iron Casting
32:57 Plate Barding Armor
32:38 Siege Engineers
36:08 Blast Furnace
35:43 Sanctity
35:25 Devotion
35:47 Murder Holes
35:45 Fletching
36:52 Faith
39:17 Bodkin Arrow
40:09 Bracer
39:33 Light Cavalry
42:31 Caravan
43:01 Coinage
45:31 Crop Rotation
47:11 Hoardings
11HQQQQ
12:20 Feudal Age
15:54 Castle Age
14:32 Double-Bit Axe
14:41 Horse Collar
29:37 Imperial Age
28:06 Bow Saw
28:07 Gold Mining
28:20 Heavy Plow
32:18 Chemistry
32:36 Stone Mining
35:07 Siege Engineers
35:44 Gold Shaft Mining
35:41 Crop Rotation
38:45 Ballistics
40:22 Wheelbarrow
43:10 Heavy Scorpion
44:19 Capped Ram
45:26 Squires
48:35 Forging
48:25 Scale Mail Armor
他并不是一个笨比
11:16 Feudal Age
12:20 Double-Bit Axe
14:58 Castle Age
12:44 Horse Collar
15:50 Bow Saw
17:53 Wheelbarrow
21:25 Heavy Plow
22:49 Gold Mining
26:58 Imperial Age
24:21 Loom
24:24 Town Watch
24:56 Hand Cart
24:58 Fletching
25:37 Stone Mining
26:26 Thumb Ring
28:22 Conscription
29:09 Chemistry
28:15 Bodkin Arrow
28:20 Padded Archer Armor
28:43 Ballistics
29:50 Bracer
30:05 Leather Archer Armor
33:52 Stone Shaft Mining
33:53 Ring Archer Armor
34:52 Scale Barding Armor
34:58 Forging
35:35 Crop Rotation
35:40 Bloodlines
35:31 Husbandry
34:51 Light Cavalry
35:58 Chain Barding Armor
35:26 Elite Genoese Crossbowman
36:36 Hussar
37:54 Iron Casting
45:13 Plate Barding Armor
45:39 Blast Furnace
clp0526
11:48 Feudal Age
12:38 Horse Collar
12:46 Double-Bit Axe
15:45 Castle Age
16:46 Heavy Plow
17:30 Loom
22:00 Forging
23:55 Bow Saw
24:34 Wheelbarrow
25:18 Bloodlines
25:10 Husbandry
25:13 Gold Mining
26:02 Iron Casting
30:26 Imperial Age
28:13 Hand Cart
27:46 Town Watch
28:42 Gold Shaft Mining
28:48 Scale Barding Armor
28:45 Marauders
29:27 Light Cavalry
31:01 Chain Barding Armor
30:29 Elite Tarkan
32:20 Blast Furnace
32:01 Conscription
32:28 Plate Barding Armor
33:14 Fletching
33:24 Padded Archer Armor
37:57 Bodkin Arrow
38:17 Leather Archer Armor
38:14 Stone Mining
39:26 Two-Man Saw
37:56 Cavalier
41:23 Bracer
41:46 Ballistics
42:27 Chemistry
41:38 Masonry
44:56 Squires
44:42 Arson
45:21 Scale Mail Armor
44:45 Man-at-Arms
44:45 Pikeman
44:50 Heavy Cavalry Archer
45:31 Murder Holes
47:52 Thumb Ring
48:13 Parthian Tactics
47:09 Crossbowman
47:09 Elite Skirmisher
47:13 Hussar
47:28 Paladin
47:42 Sappers
Ham Shank
11:04 Feudal Age
15:06 Castle Age
13:44 Double-Bit Axe
14:50 Horse Collar
17:14 Wheelbarrow
16:54 Bow Saw
19:28 Heavy Plow
21:37 Scale Mail Armor
21:40 Gold Mining
22:43 Hand Cart
22:36 Gambesons
22:51 Squires
22:37 Arson
22:15 Man-at-Arms
23:21 Long Swordsman
31:24 Imperial Age
28:40 Loom
29:17 Chain Mail Armor
29:52 Forging
30:09 Ballistics
30:02 Stone Mining
30:05 Pikeman
32:14 Iron Casting
33:42 Two-Man Saw
33:16 Plate Mail Armor
33:48 Chemistry
32:12 Halberdier
36:45 Elite Urumi Swordsman
38:01 Hoardings
40:05 Conscription
40:24 Fortified Wall
43:27 Town Watch
45:46 Blast Furnace
48:04 Conscription
mxptlic
10:23 Feudal Age
14:08 Castle Age
12:44 Double-Bit Axe
13:07 Loom
13:12 Horse Collar
17:39 Wheelbarrow
17:38 Bow Saw
28:06 Imperial Age
26:28 Fletching
26:38 Padded Archer Armor
28:04 Bodkin Arrow
28:27 Leather Archer Armor
30:31 Bracer
31:51 Chemistry
31:49 Forging
32:10 Ring Archer Armor
32:47 Conscription
33:08 Ballistics
34:33 Squires
37:46 Scale Mail Armor
40:28 Elite Genoese Crossbowman
45:45 Scale Barding Armor
45:50 Forging
46:32 Bloodlines
46:22 Husbandry
45:43 Light Cavalry
Fu
11:11 Feudal Age
14:53 Castle Age
13:00 Horse Collar
19:10 Wheelbarrow
21:13 Heavy Plow
22:37 Hand Cart
22:45 Stone Mining
28:42 Imperial Age
26:27 Fletching
26:54 Padded Archer Armor
27:05 Bodkin Arrow
27:36 Ballistics
27:16 Elite Skirmisher
28:44 Sanctity
29:26 Bracer
29:40 Redemption
29:49 Block Printing
30:44 Chemistry
29:52 Gold Mining
30:47 Illumination
31:03 Theocracy
31:35 Fervor
32:09 Conscription
33:36 Forging
34:08 Onager
39:41 Town Watch
39:43 Loom
m00n
9:57 Feudal Age
11:41 Loom
14:03 Castle Age
12:13 Double-Bit Axe
12:11 Horse Collar
15:41 Wheelbarrow
26:54 Imperial Age
26:04 Hand Cart
26:06 Siege Engineers
26:13 Gold Mining
26:25 Heavy Plow
26:44 Bow Saw
26:37 Stone Mining
27:33 Gold Shaft Mining
28:16 Ballistics
27:58 Padded Archer Armor
27:59 Scale Mail Armor
28:10 Forging
29:08 Stone Shaft Mining
29:48 Two-Man Saw
30:00 Chain Mail Armor
31:19 Loom
31:20 Town Watch
31:28 Fletching
31:32 Guard Tower
31:28 Arrowslits
31:54 Masonry
31:24 Treadmill Crane
32:54 Chemistry
32:07 Masonry
32:39 Guilds
33:43 Thunderclap Bombs
33:26 Heavy Rocket Cart
36:59 Fortified Wall
37:20 Architecture
36:45 Murder Holes
36:31 Treadmill Crane
36:42 Guard Tower
36:38 Arrowslits
Connection lost

Rejoining the realm…

Still unreachable

The connection could not be restored.

Session expired

The server has moved on; the page needs a fresh start.